 Dungeon Crawl Stone Soup version 0.29.1-12-g30fa7ad0bf (webtiles) character file.

Game seed: 8754645244766544964

2500 nightchill the Cleaver (level 9, -1/83 HPs)
             Began as a Hill Orc Fighter on Jan 14, 2023.
             Was an Initiate of Fedhas.
             Slain by an orc warrior
             ... wielding a +0 battleaxe
              (17 damage)
             ... in a bailey.
             The game lasted 00:15:04 (6681 turns).

nightchill the Cleaver (Hill Orc Fighter)           Turns: 6681, Time: 00:15:04

Health: -1/83      AC: 11    Str: 23    XL:     9   Next: 53%
Magic:  10/10      EV:  9    Int:  8    God:    Fedhas [......]
Gold:   317        SH:  4    Dex: 10    Spells: 8/8 levels left

rFire   + . .      SeeInvis .   a - +1 war axe
rCold   + + .      Faith    .   c - +0 buckler
rNeg    . . .      Spirit   .   q - +2 scale mail {rPois}
rPois   +          Reflect  .   l - +0 helmet
rElec   .          Harm     .   B - scarf {rC+ rF+}
rCorr   .          Rampage  .   w - +0 pair of gloves
Will    .....                   (no boots)
Stlth   ..........              (no amulet)
HPRegen 0.23/turn               k - ring of protection from cold
MPRegen 0.12/turn               (no ring)

@: no status effects
A: no striking features
a: Renounce Religion


You were in a bailey.
You worshipped Fedhas.
Fedhas was noncommittal.
You visited 2 branches of the dungeon, and saw 8 of its levels.
You also visited: Bailey.

You collected 317 gold pieces.

Inventory:

Hand Weapons
 a - a +1 war axe (weapon)
 d - a +0 war axe
Missiles
 m - 8 curare-tipped darts (quivered)
Armour
 b - a +0 scale mail
 c - a +0 buckler (worn)
 g - a +0 kite shield
 l - a +0 helmet (worn)
 q - a +2 scale mail of poison resistance (worn)
 w - a +0 pair of gloves (worn)
 z - a +0 tower shield
 B - a scarf of resistance (worn)
Jewellery
 k - a ring of protection from cold (left hand)
 t - an amulet of regeneration
 y - an amulet of guardian spirit
 A - an amulet of magic regeneration
Wands
 x - a wand of digging (9)
Scrolls
 e - 4 scrolls of magic mapping
 h - 2 scrolls of amnesia
 j - a scroll of poison
 p - 6 scrolls of enchant weapon
 s - a scroll of butterflies
 u - a scroll of blinking {unknown}
 v - a scroll of enchant armour {unknown}
Potions
 f - 4 potions of brilliance
 i - a potion of mutation
 n - 2 potions of curing
 o - 3 potions of invisibility


   Skills:
 + Level 9.3 Fighting
 * Level 13.3 Axes
 - Level 3.2 Armour
 - Level 3.2 Shields
 * Level 2.5 Invocations


You had 8 spell levels left.
You didn't know any spells.
Your spell library contained the following spells:

 Spells                   Type           Power      Damage    Failure   Level
 Summon Small Mammal      Summ           0%         N/A       82%         1
 Call Canine Familiar     Summ           0%         N/A       99%         3
 Summon Guardian Golem    Hex/Summ       0%         N/A       99%         3


Dungeon Overview and Level Annotations

Branches:
Dungeon (7/15)             Temple (1/1) D:7          Bailey (1/1)

Altars:
Ashenzari
Cheibriados
Dithmenos
Elyvilon
Fedhas
Hepliaklqana
Kikubaaqudgha
Nemelex Xobeh
Okawaru
Qazlal
Sif Muna
Trog
Uskayaw
Vehumet

Shops:
D:3 *

Annotations:
D:2 1 runed translucent door, Crazy Yiuf
D:3 Grinder


Message History

You slash the orc warrior!
You kill the orc warrior!
Fedhas appreciates your contribution to the ecosystem.
You slash the orc warrior! You barely miss the orc warrior.
You block the orc warrior's attack.
The orc warrior hits you with a +0 war axe.
* * * LOW HITPOINT WARNING * * *
You feel better. You block the orc warrior's attack.
The orc warrior hits you but does no damage.
You hit the orc warrior but do no damage.
The orc warrior is severely wounded.
You hit the orc warrior. The orc warrior closely misses you.
The orc warrior hits you with a +0 war axe!
* * * LOW HITPOINT WARNING * * *
You hit the orc warrior but do no damage.
The orc warrior is severely wounded.
You barely miss the orc warrior. The orc warrior barely misses you.
The orc warrior hits you with a +0 war axe!
* * * LOW HITPOINT WARNING * * *
You feel much better.
The orc warrior hits you with a +0 battleaxe!
* * * LOW HITPOINT WARNING * * *
The orc warrior hits you with a +0 war axe.
* * * LOW HITPOINT WARNING * * *
You hit the orc warrior but do no damage.
The orc warrior is severely wounded.
You miss the orc warrior. The orc warrior barely misses you.
You block the orc warrior's attack.
Unknown command.
You hit the orc warrior.
The orc warrior is severely wounded.
You slash the orc warrior! The orc warrior barely misses you.
The orc warrior hits you with a +0 war axe.
* * * LOW HITPOINT WARNING * * *
You barely miss the orc warrior.
The orc warrior is severely wounded.
You closely miss the orc warrior.
The orc warrior hits you with a +0 battleaxe!
You die...
Fedhas appreciates your contribution to the ecosystem.

#≈≈≈≈≈######...###########
#≈≈≈≈≈~.#......#
######.≈≈≈≈~.#..)...#
#......≈≈≈≈~.#''#####
##......≈≈≈≈~.#)....#
..............')....#
∩..∩..........').⌠..#
..............'.....#
##......≈≈≈≈~.#.@o..#
#......≈≈≈≈~.#)o#####
######.≈≈≈≈~.#......#
#≈≈≈≈≈~.#......#
#≈≈≈≈≈######...# #≈≈≈≈≈#
.8.8. ....... #######


You could see 2 orc warriors.

Vanquished Creatures
  Pikel (D:5)
  Prince Ribbit (D:6)
  Edmund (D:6)
  3 orc warriors (Bailey)
  2 black bears
  An ogre (D:4)
  2 lemures (D:5)
  Blork the orc (D:4)
  2 kobold brigands (D:6)
  A scorpion (D:4)
  3 wights (D:6)
  A howler monkey (D:5)
  A jelly (D:5)
  3 hounds
  Terence (D:2)
  8 iguanas
  Natasha (twice) (D:4)
  An orc wizard (D:5)
  7 gnolls
  11 adders
  A shadow imp (D:6)
  A white imp (D:6)
  2 ufetubi
  14 orcs
  4 ball pythons
  8 endoplasms
  2 giant cockroaches
  13 goblins
  9 hobgoblins
  A jackal (D:4)
  18 kobolds
  8 quokkas
  9 bats
  4 frilled lizards (D:1)
  5 rats
152 creatures vanquished.

Notes
Turn   | Place    | Note
-------+----------+-------------------------------------------
     0 | D:1      | nightchill the Hill Orc Fighter began the quest for the
                  | Orb.
     0 | D:1      | Reached XP level 1. HP: 19/19 MP: 1/1
    25 | D:1      | Reached skill level 3 in Axes
   285 | D:1      | Reached XP level 2. HP: 20/27 MP: 2/2
   573 | D:1      | Reached skill level 4 in Axes
   627 | D:1      | Reached XP level 3. HP: 30/33 MP: 3/3
  1538 | D:2      | Found a runed translucent door.
  1539 | D:2      | Noticed Crazy Yiuf
  1673 | D:2      | Noticed Terence
  1679 | D:2      | Killed Terence
  1680 | D:2      | Reached skill level 5 in Axes
  1680 | D:2      | Reached XP level 4. HP: 37/41 MP: 4/4
  2090 | D:3      | Found Lejehitu's General Store.
  2143 | D:3      | Noticed Grinder
  2779 | D:3      | Reached XP level 5. HP: 47/47 MP: 5/5
  2971 | D:4      | Noticed an ogre
  2992 | D:4      | Noticed Blork the orc
  3009 | D:4      | Killed Blork the orc
  3010 | D:4      | Reached skill level 5 in Fighting
  3010 | D:4      | Reached skill level 6 in Axes
  3281 | D:4      | Reached skill level 7 in Axes
  3281 | D:4      | Reached XP level 6. HP: 44/56 MP: 6/6
  3566 | D:4      | Noticed Natasha
  3574 | D:4      | Killed Natasha
  3892 | D:4      | Reached skill level 8 in Axes
  3892 | D:4      | Reached XP level 7. HP: 47/63 MP: 7/7
  3954 | D:4      | Noticed Natasha
  3961 | D:4      | Killed Natasha
  4192 | D:4      | Reached skill level 9 in Axes
  4341 | D:5      | Entered Level 5 of the Dungeon
  4631 | D:5      | Reached XP level 8. HP: 67/73 MP: 8/8
  4690 | D:5      | Reached skill level 10 in Axes
  4723 | D:5      | Noticed Pikel
  4732 | D:5      | Killed Pikel
  4733 | D:5      | Reached skill level 11 in Axes
  5122 | D:5      | Found an iron altar of Okawaru.
  5328 | D:6      | Noticed Edmund
  5351 | D:6      | Killed Edmund
  5480 | D:6      | Reached skill level 12 in Axes
  5480 | D:6      | Reached XP level 9. HP: 69/82 MP: 9/9
  5483 | D:6      | Noticed Prince Ribbit
  5545 | D:6      | Killed Prince Ribbit
  5808 | D:6      | Found a radiant altar of Vehumet.
  6121 | D:6      | Reached skill level 13 in Axes
  6310 | D:7      | Found a staircase to the Ecumenical Temple.
  6319 | Temple   | Entered the Ecumenical Temple
  6331 | Temple   | Became a worshipper of Fedhas Madash
  6358 | D:7      | Found a flagged portal.
  6366 | Bailey   | Entered a bailey
  6395 | Bailey   | Reached skill level 1 in Invocations
  6681 | Bailey   | Slain by an orc warrior

Illustrated notes

Levels and vault maps discovered:
D:1:      psy_arrival_whirlpool, layout_basic
D:2:      layout_rooms, uniq_terence, uniq_crazy_yiuf_cottage
D:3:      layout_basic, serial_shops, shop, uniq_grinder
D:4:      minmay_recursive_quarters, layout_loops_ring,
          hangedman_abyss_or_decor_stagger, lightli_corner_chamber,
          uniq_blork_the_orc, uniq_natasha
D:5:      layout_basic, mainiacjoe_overflow_catwalk, uniq_pikel
D:6:      layout_basic, mainiacjoe_overflow_surrounded_room, uniq_edmund,
          uniq_prince_ribbit1
D:7:      layout_cave_pools, grunt_temple_overflow_octagram,
          minmay_temple_entry_arrows, enter_bailey_2
Temple:   nicolae_temple_no_exploring_needed
Bailey:   bailey_axe_of_yendor_kennysheep, bailey

Skill      XL: |  1  2  3  4  5  6  7  8  9 |
---------------+----------------------------+-----
Axes           | 3 4 5 7 8 9 12 13 | 13.3
Fighting       | 4 5 6 7 8 9 |  9.3
Invocations    | 2 |  2.5
Armour         | |  3.2
Shields        | |  3.2

Action                   |  1- 3 |  4- 6 |  7- 9 || total
-------------------------+-------+-------+-------++-------
Melee: War axe           |    98 |   124 |   232 ||   454
Throw: Dart              |       |       |     1 ||     1
  Use: Potion            |     1 |       |     3 ||     4
       Scroll            |       |     6 |     5 ||    11
Armor: Scale mail        |    48 |    47 |   109 ||   204
Dodge: Dodged            |    64 |    60 |    87 ||   211
Block: Buckler           |    17 |    26 |    54 ||    97
